Map: Abyssal Reef LE

Players

Klabusterbär - Winner!

  • Race: Protoss Protoss
  • Spawn Location: 11:00

A.I. 1 (Elite)

  • Race: Terran Terran
  • Spawn Location: 5:00

VOD

Have the link to the VOD?

Description

Time

  • Played on: Nov. 18, 2017, 9:54 a.m.
  • Length: 5:49
Show
View Real Time Build Order
Export as new Build Order

Klabusterbär Protoss - Winner!

Build Orders:  

Get SALT Encoding   

  12  0:00  Probe  
  13  0:13  Probe  
  14  0:18  Pylon  
  14  0:25  Probe  
  15  0:37  Probe (Chrono Boost)  
  15  0:38  Gateway  
  16  0:44  Assimilator  
  16  0:49  Probe (Chrono Boost)  
  18  0:58  Probe (Chrono Boost)  
  18  1:01  Assimilator  
  18  1:03  Probe  
  19  1:15  Probe  
  20  1:27  Probe, Cybernetics Core  
  21  1:39  Pylon, Probe  
  22  1:52  Pylon  
  22  1:56  Probe  
  23  2:04  Warp Gate (Chrono Boost), Stalker  
  25  2:11  Robotics Facility  
  25  2:33  Stalker  
  27  2:39  Gateway x2  
  31  2:58  Immortal (Chrono Boost)  
  31  2:59  Pylon  
  31  3:23  Warp Prism (Chrono Boost)  
  33  3:53  Immortal  
  37  3:59  Stalker x3  
  43  4:05  Pylon  
  43  4:24  Stalker, Sentry  
  43  4:25  Sentry  
  49  4:34  Immortal (Chrono Boost)  
  53  4:43  Pylon  
  53  4:50  Stalker  
  55  5:04  Stalker  
  55  5:05  Sentry  
  59  5:16  Stalker  
  61  5:34  Pylon  
  61  5:45  Stalker  
Show
View Real Time Build Order
Export as new Build Order

A.I. 1 (Elite) Terran 

Build Orders: Command Center First (CC) 

Get SALT Encoding   

  12  0:00  SCV  
  13  0:13  SCV  
  14  0:19  Supply Depot  
  14  0:25  SCV  
  15  0:40  SCV  
  16  0:52  SCV  
  17  1:04  Command Center, SCV  
  18  1:17  Barracks  
  18  1:20  SCV  
  19  1:43  Refinery  
  19  1:57  SCV, Supply Depot  
  20  2:04  Marine  
  20  2:08  Refinery  
  21  2:09  Orbital Command  
  21  2:16  SCV  
  21  2:22  Marine  
  23  2:28  SCV  
  24  2:35  SCV  
  25  2:40  Marine  
  25  2:43  Orbital Command  
  26  2:54  SCV  
  26  2:55  Factory  
  26  2:57  Marine  
  28  3:06  Factory  
  28  3:08  SCV  
  28  3:12  SCV  
  30  3:15  Marine  
  31  3:20  SCV  
  31  3:24  SCV  
  33  3:27  Supply Depot  
  33  3:32  SCV  
  33  3:33  Marine  
  35  3:36  SCV  
  35  3:39  Factory Tech Lab  
  36  3:44  SCV  
  37  3:48  SCV  
  37  3:51  Factory Tech Lab, Marine  
  39  3:56  SCV  
  39  3:57  Siege Tank, Supply Depot  
  39  4:00  SCV  
  43  4:09  Marine, SCV  
  45  4:10  Hellion  
  45  4:12  SCV  
  39  4:26  Marine  
  39  4:28  SCV  
  39  4:30  Hellion  
  41  4:33  Hellion  
  34  4:48  Barracks  
  33  4:55  Hellion  
  28  5:09  Supply Depot  
Tags
 
Add a new tag
Caveats
  • Supply blocks, unpowered buildings, or Contaminate may cause inaccurate times.
  • Supply counts are checked every 10 seconds.